 Dungeon Crawl Stone Soup version 0.19.1 (webtiles) character file.

104 truemonolith the Magician (level 4, -2/24 HPs)
             Began as a Deep Elf Conjurer on Nov 28, 2016.
             Slain by Grinder (7 damage)
             ... while paralysed by Grinder
             ... on level 3 of the Dungeon.
             The game lasted 00:05:35 (2776 turns).

truemonolith the Magician (Deep Elf Conjurer)       Turns: 2776, Time: 00:05:35

Health: -2/24      AC:  2    Str:  5    XL:     4   Next: 52%
Magic:  4/14       EV:  2    Int: 21    God:
Gold:   60         SH:  0    Dex: 15    Spells: 2 memorised, 12 levels left

rFire  . . .     SeeInvis .     (no weapon)
rCold  . . .     Gourm    .     a - +0 robe
rNeg   . . .     Faith    .     (no shield)
rPois  .         Spirit   .     (no helmet)
rElec  .         Reflect  .     (no cloak)
rCorr  .         Harm     .     (no gloves)
MR     .....                    (no boots)
Stlth  ++........               (no amulet)
                                (no ring)
                                (no ring)

@: paralysed
A: no striking features
a: no special abilities


You were on level 3 of the Dungeon.
You were very hungry.

You visited 1 branch of the dungeon, and saw 3 of its levels.

You collected 60 gold pieces.

Inventory:

Armour
 a - a +0 robe (worn)
Scrolls
 d - a scroll of remove curse
 e - a scroll of blinking {unknown}
 f - a scroll of teleportation
 k - a scroll of fear {unknown}
Potions
 g - a potion of brilliance
 j - a potion of curing {unknown}
Books
 b - a book of Conjurations

   Spells                             Type                      Level
   a - Magic Dart                     Conjuration                  1
   b - Searing Ray                    Conjuration                  2
   c - Dazzling Spray                 Conjuration/Hexes            3
   d - Fulminant Prism                Conjuration/Hexes            4
   e - Iskenderun's Mystic Blast      Conjuration                  4
   f - Iskenderun's Battlesphere      Conjuration/Charms           5
Comestibles
 c - a royal jelly
 h - 5 fruits
 i - a beef jerky


   Skills:
 - Level 2.4 Dodging
 - Level 2.4 Stealth
 * Level 6.5 Spellcasting
 - Level 4.3 Conjurations


You had 12 spell levels left.
You knew the following spells:

 Your Spells              Type           Power        Failure   Level  Hunger
a - Magic Dart            Conj           ####         1%          1    None
b - Dazzling Spray        Conj/Hex       ###...       14%         3    #......


Dungeon Overview and Level Annotations

Branches:
Dungeon (3/15)

Altars:
Sif Muna

Annotations:
D:3 Grinder


Message History

You hit Grinder but do no damage.
Grinder is heavily wounded.
Grinder closely misses you.
Casting: Magic Dart
Confirm with . or Enter, or press ? or * to list all spells.
Aiming: Dazzling Spray
Press: ? - help, Shift-Dir - straight line, f/p - Grinder
Aim: Grinder (moderately wounded)
The spray of energy misses Grinder.
Grinder closely misses you.
Casting: Dazzling Spray
Confirm with . or Enter, or press ? or * to list all spells.
Aiming: Dazzling Spray
Press: ? - help, Shift-Dir - straight line, f/p - Grinder
Aim: Grinder (moderately wounded)
The spray of energy hits Grinder.
Grinder is heavily wounded.
Grinder gestures at you.
You suddenly lose the ability to move!
Grinder hits you!
You die...

##≈≈≈≈≈###.........
#≈≈≈≈≈≈≈##.........
#≈≈...≈≈##...######
#≈≈._...'..#.#######
#≈≈...≈≈##..........
#≈≈≈≈≈≈≈###........#
##≈≈≈≈≈#####.#####.#
#######....)....#
#.....5@........##.#####
###.################.....#
########...# ##.## ##.## #####..
......##.### #...# #...# ##.
#####....#####...###...########..
####...#....#..#..#..#).#........
†...[....##.#.###.#.###.#.#####..
......#####...# #...# #...# ##.
...#### #..## ##.## ##..# ##


You could see Grinder.

Vanquished Creatures
  3 gnolls (D:2)
  An adder (D:2)
  An ooze (D:2)
  2 leopard geckos
  4 giant cockroaches
  5 goblins
  6 hobgoblins
  8 jackals
  9 kobolds
  A quokka (D:2)
  7 bats
  2 frilled lizards
  6 rats
55 creatures vanquished.

Notes
Turn   | Place    | Note
-------+----------+-------------------------------------------
     0 | D:1      | truemonolith the Deep Elf Conjurer began the quest for the Orb.
     0 | D:1      | Reached XP level 1. HP: 10/10 MP: 6/6
   197 | D:1      | Reached XP level 2. HP: 11/15 MP: 2/8
   208 | D:1      | Reached skill level 4 in Spellcasting
   915 | D:2      | Reached XP level 3. HP: 19/19 MP: 7/11
   920 | D:2      | Learned a level 3 spell: Dazzling Spray
   961 | D:2      | Reached skill level 5 in Spellcasting
  1621 | D:2      | Reached XP level 4. HP: 23/24 MP: 9/13
  1746 | D:2      | Reached skill level 6 in Spellcasting
  2730 | D:3      | Found a deep blue altar of Sif Muna.
  2749 | D:3      | Noticed Grinder
  2766 | D:3      | Paralysed by Grinder for 6 turns
  2775 | D:3      | Paralysed by Grinder for 3 turns
  2776 | D:3      | Slain by Grinder

Skill      XL: |  1  2  3  4 |
---------------+-------------+-----
Spellcasting   | 4 5 6 |  6.5
Dodging        | |  2.4
Stealth        | |  2.4
Conjurations   | |  4.3

Action                   |  1- 3 |  4- 6 || total
-------------------------+-------+-------++-------
Melee: Unarmed           |       |     1 ||     1
 Cast: Magic Dart        |    82 |    45 ||   127
       Dazzling Spray    |     1 |     3 ||     4
  Use: Scroll            |     5 |       ||     5
  Eat: Bread ration      |     1 |       ||     1
Armor: Robe              |    12 |     3 ||    15
Dodge: Dodged            |    29 |    15 ||    44
